IL
SYRACUSE CHIEFS @ SACRAMENTO RIVER CATS
06/05/2048
 
TOP OF THE 1ST
Syracuse Chiefs batting - Pitching for Sacramento River Cats : RHP Tong Huang
Pitching: RHP Tong Huang
Batting: LHB Dillon Gonzalez 0-0: Foul Ball, location: 2F
0-1: Ball
1-1: Foul Ball, location: 2F
1-2: Foul Ball, location: 2F
1-2: Foul Ball, location: 2F
1-2: Ball
2-2: SINGLE (Groundball, 34S, EV 69.4 MPH) (infield hit)
Batting: RHB Dusty Ballard 0-0: Called Strike
0-1: Ball
1-1: Ball
Dillon Gonzalez steals 2nd base
2-1: Foul Ball, location: 2F
2-2: Foul Ball, location: 2F
2-2: Foul Ball, location: 2F
2-2: Foul Ball, location: 2F
2-2: SINGLE (Groundball, 4M, EV 102.5 MPH)
Dillon Gonzalez to third
Runner from 3rd tries for Home, SAFE, throw by CF to home
Batting: LHB Kyung-jin Cho 0-0: Ball
Dusty Ballard steals 2nd base
1-0: Foul Ball, location: 2F
1-1: Swinging Strike
1-2: Ball
2-2: Strikes out swinging
Batting: LHB Jae-ik Soung 0-0: Ball
1-0: DOUBLE (Line Drive, 9LM, EV 90.0 MPH)
Dusty Ballard scores
Batting: RHB Mike Buchanan 0-0: Ball
1-0: Foul Ball, location: 2F
1-1: Ball
2-1: Ball
3-1: Fly out, F8 (Flyball, 78S, EV 82.5 MPH)
Batting: LHB Alexis Cantu 0-0: Ball
1-0: Ball
2-0: Ball
3-0: Base on Balls
Batting: RHB Gabe Almazan 0-0: Called Strike
0-1: Ball
1-1: Ball
2-1: Foul Ball, location: 2F
2-2: Ball
3-2: Foul Ball, location: 2F
3-2: Fly out, F4 (Popup, 4M, EV 58.8 MPH)
Top of the 1st over - 2 runs, 3 hits, 0 errors, 2 left on base; Syracuse 2 - Sacramento 0
BOTTOM OF THE 1ST
Sacramento River Cats batting - Pitching for Syracuse Chiefs : RHP Travis Hardin
Pitching: RHP Travis Hardin
Batting: LHB Kevin Kantor 0-0: SINGLE (Groundball, 4S, EV 68.1 MPH) (infield hit)
Batting: LHB Willie Ceniceros 0-0: Ball
1-0: Ball
2-0: Called Strike
2-1: Ground out 4-3 (Groundball, 4D, EV 102.5 MPH)
Kevin Kantor to second
Batting: LHB Mason Duffy 0-0: Called Strike
0-1: SINGLE (Flyball, 78S, EV 89.4 MPH)
Kevin Kantor to third
Batting: RHB Troy Trice 0-0: Swinging Strike
0-1: Called Strike
0-2: Ball
1-2: Ball
Mason Duffy steals 2nd base
2-2: Foul Ball, location: 2F
2-2: Strikes out swinging
Batting: LHB Ryan Braden 0-0: Foul Ball, location: 2F
0-1: Ground out U3 (Groundball, 34S, EV 69.4 MPH)
Bottom of the 1st over - 0 runs, 2 hits, 0 errors, 2 left on base; Syracuse 2 - Sacramento 0
TOP OF THE 2ND
Syracuse Chiefs batting - Pitching for Sacramento River Cats : RHP Tong Huang
Batting: LHB Evan Oliveri 0-0: Ground out 4-3 (Groundball, 4, EV 80.0 MPH)
Batting: RHB Rafael Medina 0-0: Ball
1-0: Ball
2-0: Swinging Strike
2-1: Ball
3-1: Foul Ball, location: 2F
3-2: Foul Ball, location: 2F
3-2: Strikes out swinging
Batting: LHB Dillon Gonzalez 0-0: Ball
1-0: Swinging Strike
1-1: Ball
2-1: Called Strike
2-2: Ball
3-2: Base on Balls
Batting: RHB Dusty Ballard 0-0: Called Strike
0-1: Called Strike
0-2: Foul Ball, location: 2F
0-2: Ball
1-2: Ball
2-2: Foul Ball, location: 2F
2-2: Ball
3-2: Base on Balls
Dillon Gonzalez to second
Batting: LHB Kyung-jin Cho 0-0: Called Strike
0-1: Called Strike
0-2: Ball
1-2: Strikes out looking
Top of the 2nd over - 0 runs, 0 hits, 0 errors, 2 left on base; Syracuse 2 - Sacramento 0
BOTTOM OF THE 2ND
Sacramento River Cats batting - Pitching for Syracuse Chiefs : RHP Travis Hardin
Batting: RHB Brian Rogers 0-0: Ball
1-0: Ball
2-0: Fly out, F8 (Flyball, 89D, EV 91.2 MPH)
Batting: LHB Jared Paige 0-0: Ball
1-0: Swinging Strike
1-1: Called Strike
1-2: Ball
2-2: Strikes out looking
Batting: LHB Terry Ebersole 0-0: Ball
1-0: Ball
2-0: Called Strike
2-1: SINGLE (Groundball, 3D, EV 105.6 MPH)
Batting: RHB Nick Wicker 0-0: Called Strike
0-1: Ball
1-1: Ball
2-1: SINGLE (Line Drive, 9S, EV 109.4 MPH)
Terry Ebersole to second
Runner from 2nd tries for 3rd, SAFE, throw by RF made to third
Batting: LHB Kevin Kantor 0-0: Ball
1-0: Foul Ball, location: 2F
1-1: Ball
2-1: SINGLE (Line Drive, 78S, EV 106.2 MPH)
Terry Ebersole scores
Nick Wicker to second
Runner from 2nd tries for 3rd, SAFE, throw by CF made to third
Batting: LHB Willie Ceniceros 0-0: Called Strike
0-1: Called Strike
0-2: DOUBLE (Line Drive, 78XD, EV 108.1 MPH)
Nick Wicker scores
Kevin Kantor to third
Runner from 3rd tries for Home, SAFE, no throw by LF
Batting: LHB Mason Duffy 0-0: Foul Ball, location: 2F
0-1: Ball
1-1: Ground out 4-3 (Groundball, 4, EV 93.8 MPH)
Bottom of the 2nd over - 3 runs, 4 hits, 0 errors, 1 left on base; Syracuse 2 - Sacramento 3
TOP OF THE 3RD
Syracuse Chiefs batting - Pitching for Sacramento River Cats : RHP Tong Huang
Batting: LHB Jae-ik Soung 0-0: Ground out 4-3 (Groundball, 4, EV 81.2 MPH)
Batting: RHB Mike Buchanan 0-0: Ball
1-0: Ball
2-0: Ball
3-0: Base on Balls
Batting: LHB Alexis Cantu 0-0: Ball
1-0: Ball
2-0: Ball
3-0: Called Strike
3-1: Base on Balls
Mike Buchanan to second
Batting: RHB Gabe Almazan 0-0: Ball
Mike Buchanan steals 3rd base
1-0: Foul Ball, location: 2F
1-1: Ball
2-1: Fielders Choice at 2nd, 5-4 (Groundball, 5, EV 97.5 MPH)
Mike Buchanan scores
Batting: LHB Evan Oliveri 0-0: Called Strike
Gabe Almazan steals 2nd base
0-1: Ball
1-1: Ball
2-1: DOUBLE (Groundball, 3L, EV 103.1 MPH)
Gabe Almazan scores
Batting: RHB Rafael Medina 0-0: Ground out U3 (Groundball, 34S, EV 89.4 MPH)
Top of the 3rd over - 2 runs, 1 hit, 0 errors, 1 left on base; Syracuse 4 - Sacramento 3
BOTTOM OF THE 3RD
Sacramento River Cats batting - Pitching for Syracuse Chiefs : RHP Travis Hardin
Batting: RHB Troy Trice 0-0: Ball
1-0: Ground out 4-3 (Groundball, 4, EV 81.2 MPH)
Batting: LHB Ryan Braden 0-0: Swinging Strike
0-1: Ball
1-1: Foul Ball, location: 2F
1-2: Ball
2-2: Ball
3-2: Base on Balls
Batting: RHB Brian Rogers 0-0: Swinging Strike
0-1: Swinging Strike
0-2: Foul Ball, location: 2F
0-2: Strikes out swinging
Batting: LHB Jared Paige 0-0: Ball
1-0: Ball
2-0: Ball
3-0: Base on Balls
Ryan Braden to second
Batting: LHB Terry Ebersole 0-0: Called Strike
0-1: Swinging Strike
0-2: Ball
1-2: Foul Ball, location: 2F
1-2: Strikes out swinging, 2-3 out at first.
Bottom of the 3rd over - 0 runs, 0 hits, 0 errors, 2 left on base; Syracuse 4 - Sacramento 3
TOP OF THE 4TH
Syracuse Chiefs batting - Pitching for Sacramento River Cats : RHP Tong Huang
Batting: LHB Dillon Gonzalez 0-0: Ball
1-0: Foul Ball, location: 2F
1-1: Swinging Strike
1-2: Strikes out swinging
Batting: RHB Dusty Ballard 0-0: Swinging Strike
0-1: Foul Ball, location: 2F
0-2: Foul Ball, location: 2F
0-2: Strikes out swinging
Batting: LHB Kyung-jin Cho 0-0: Ground out 3-1 (Groundball, 34, EV 107.5 MPH)
Top of the 4th over - 0 runs, 0 hits, 0 errors, 0 left on base; Syracuse 4 - Sacramento 3
BOTTOM OF THE 4TH
Sacramento River Cats batting - Pitching for Syracuse Chiefs : RHP Travis Hardin
Batting: RHB Nick Wicker 0-0: Called Strike
0-1: Ball
1-1: Ball
2-1: Ball
3-1: Ground out 3-1 (Groundball, 34, EV 103.1 MPH)
Batting: LHB Kevin Kantor 0-0: Swinging Strike
0-1: Swinging Strike
0-2: TRIPLE (Flyball, 78XD, EV 103.8 MPH)
Batting: LHB Willie Ceniceros 0-0: SINGLE (Groundball, 34D, EV 96.2 MPH)
Kevin Kantor scores
Batting: LHB Mason Duffy 0-0: Ball
1-0: Ball
2-0: Foul Ball, location: 2F
2-1: SINGLE (Groundball, 4, EV 95.6 MPH)
Willie Ceniceros to second
Runner from 2nd tries for 3rd, OUT! 8-5
Mason Duffy to second
Batting: RHB Troy Trice 0-0: Ground out 6-3 (Groundball, 4M, EV 105.6 MPH)
Bottom of the 4th over - 1 run, 3 hits, 0 errors, 1 left on base; Syracuse 4 - Sacramento 4
TOP OF THE 5TH
Syracuse Chiefs batting - Pitching for Sacramento River Cats : RHP Tong Huang
Batting: LHB Jae-ik Soung 0-0: Ball
1-0: Ball
2-0: Ground out 5-3 (Groundball, 56S, EV 83.8 MPH)
Batting: RHB Mike Buchanan 0-0: Ball
1-0: Ground out 6-3 (Groundball, 56, EV 106.9 MPH)
Batting: LHB Alexis Cantu 0-0: Foul Ball, location: 2F
0-1: Swinging Strike
0-2: Foul Ball, location: 2F
0-2: Strikes out swinging
Top of the 5th over - 0 runs, 0 hits, 0 errors, 0 left on base; Syracuse 4 - Sacramento 4
BOTTOM OF THE 5TH
Sacramento River Cats batting - Pitching for Syracuse Chiefs : RHP Travis Hardin
Batting: LHB Ryan Braden 0-0: Ball
1-0: SOLO HOME RUN (Flyball, 7D, EV 103.8 MPH), Distance : 389 ft
Pitching: RHP Jose Barreras
Batting: RHB Brian Rogers 0-0: Called Strike
0-1: Foul Ball, location: 2F
0-2: Ball
1-2: Strikes out swinging, 2-3 out at first.
Batting: LHB Jared Paige 0-0: Foul Ball, location: 2F
0-1: DOUBLE (Line Drive, 78D, EV 111.9 MPH)
Batting: LHB Terry Ebersole 0-0: Called Strike
0-1: Ball
1-1: Called Strike
1-2: Ball
2-2: Strikes out swinging
Batting: RHB Nick Wicker 0-0: Fly out, F8 (Flyball, 8RM, EV 86.9 MPH)
Bottom of the 5th over - 1 run, 2 hits, 0 errors, 1 left on base; Syracuse 4 - Sacramento 5
TOP OF THE 6TH
Syracuse Chiefs batting - Pitching for Sacramento River Cats : RHP Tong Huang
Pitching: LHP Adam Ody
Batting: RHB Gabe Almazan 0-0: Ball
1-0: Ball
2-0: Foul Ball, location: 2F
2-1: Foul Ball, location: 2F
2-2: Foul Ball, location: 2F
2-2: Foul Ball, location: 2F
2-2: Strikes out swinging
Batting: LHB Evan Oliveri 0-0: Foul Ball, location: 2F
0-1: Swinging Strike
0-2: Foul Ball, location: 2F
0-2: Ball
1-2: Foul Ball, location: 2F
1-2: Foul Ball, location: 2F
1-2: Strikes out looking
Batting: RHB Rafael Medina 0-0: Called Strike
0-1: Swinging Strike
0-2: Fly out, F9 (Flyball, 9D, EV 88.8 MPH)
Top of the 6th over - 0 runs, 0 hits, 0 errors, 0 left on base; Syracuse 4 - Sacramento 5
BOTTOM OF THE 6TH
Sacramento River Cats batting - Pitching for Syracuse Chiefs : RHP Jose Barreras
Batting: LHB Kevin Kantor 0-0: Ball
1-0: Ground out 6-3 (Groundball, 6, EV 83.8 MPH)
Batting: LHB Willie Ceniceros 0-0: Ball
1-0: Called Strike
1-1: Fly out, F7 (Flyball, 7, EV 89.4 MPH)
Batting: LHB Mason Duffy 0-0: Ground out 5-3 (Groundball, 56, EV 84.4 MPH)
Bottom of the 6th over - 0 runs, 0 hits, 0 errors, 0 left on base; Syracuse 4 - Sacramento 5
TOP OF THE 7TH
Syracuse Chiefs batting - Pitching for Sacramento River Cats : LHP Adam Ody
Batting: LHB Dillon Gonzalez 0-0: Ball
1-0: Foul Ball, location: 2F
1-1: Called Strike
1-2: Ball
2-2: Ground out 6-3 (Groundball, 6, EV 106.9 MPH)
Batting: RHB Dusty Ballard 0-0: Foul Ball, location: 2F
0-1: Ball
1-1: Fly out, F9 (Flyball, 9D, EV 83.8 MPH)
Pinch Hitting: RHB Kevin Whitenack 0-0: Swinging Strike
0-1: Ball
1-1: Ground out 6-3 (Groundball, 56, EV 82.5 MPH)
Top of the 7th over - 0 runs, 0 hits, 0 errors, 0 left on base; Syracuse 4 - Sacramento 5
BOTTOM OF THE 7TH
Sacramento River Cats batting - Pitching for Syracuse Chiefs : RHP Jose Barreras
Now in LF: Kevin Whitenack
Batting: RHB Troy Trice 0-0: Called Strike
0-1: Ball
1-1: Swinging Strike
1-2: Ground out 6-3 (Groundball, 6M, EV 78.1 MPH)
Batting: LHB Ryan Braden 0-0: Ball
1-0: Ball
2-0: Ground out U3 (Groundball, 3, EV 80.6 MPH)
Batting: RHB Brian Rogers 0-0: Called Strike
0-1: Ground out 1-3 (Groundball, 13S, EV 76.9 MPH)
Bottom of the 7th over - 0 runs, 0 hits, 0 errors, 0 left on base; Syracuse 4 - Sacramento 5
TOP OF THE 8TH
Syracuse Chiefs batting - Pitching for Sacramento River Cats : LHP Adam Ody
Pitching: RHP Takashi Kino
Batting: LHB Jae-ik Soung 0-0: Ball
1-0: Foul Ball, location: 2F
1-1: Swinging Strike
1-2: Ball
2-2: Ground out 4-3 (Groundball, 4, EV 85.6 MPH)
Batting: RHB Mike Buchanan 0-0: Ball
1-0: Called Strike
1-1: Ball
2-1: Ball
3-1: Called Strike
3-2: Fly out, F7 (Flyball, 78M, EV 74.4 MPH)
Batting: LHB Alexis Cantu 0-0: Ball
1-0: Ball
2-0: Swinging Strike
2-1: Ball
3-1: Base on Balls
Batting: RHB Gabe Almazan 0-0: Foul Ball, location: 2F
0-1: Foul Ball, location: 2F
0-2: Ball
1-2: Strikes out swinging
Top of the 8th over - 0 runs, 0 hits, 0 errors, 1 left on base; Syracuse 4 - Sacramento 5
BOTTOM OF THE 8TH
Sacramento River Cats batting - Pitching for Syracuse Chiefs : RHP Jose Barreras
Pitching: LHP Mike Alcaraz
Pinch Hitting: RHB Dave Crouch 0-0: Ball
1-0: Foul Ball, location: 2F
1-1: Ball
2-1: Foul Ball, location: 2F
2-2: Ground out 1-3 (Groundball, 13S, EV 63.8 MPH)
Batting: LHB Terry Ebersole 0-0: Ball
1-0: Called Strike
1-1: Foul Ball, location: 2F
1-2: Foul Ball, location: 2F
1-2: Ball
2-2: Foul Ball, location: 2F
2-2: Foul Ball, location: 2F
2-2: Foul Ball, location: 2F
2-2: Foul Ball, location: 2F
2-2: Ball
3-2: Strikes out swinging
Batting: RHB Nick Wicker 0-0: Swinging Strike
0-1: Ball
1-1: DOUBLE (Line Drive, 9LS, EV 93.8 MPH)
Batting: LHB Kevin Kantor 0-0: Fly out, F7 (Flyball, 7, EV 84.4 MPH)
Bottom of the 8th over - 0 runs, 1 hit, 0 errors, 1 left on base; Syracuse 4 - Sacramento 5
TOP OF THE 9TH
Syracuse Chiefs batting - Pitching for Sacramento River Cats : RHP Takashi Kino
Pitching: RHP Jay Kouns
Now in CF: Hugo Zacarias
Batting: LHB Evan Oliveri 0-0: Called Strike
0-1: Ground out 4-3 (Groundball, 4, EV 80.0 MPH)
Pinch Hitting: LHB Tom Reynolds 0-0: Called Strike
0-1: Foul Ball, location: 2F
0-2: Ball
1-2: Foul Ball, location: 2F
1-2: Foul Ball, location: 2F
1-2: Ball
2-2: Ball
3-2: Ground out 4-3 (Groundball, 4, EV 87.5 MPH)
Batting: LHB Dillon Gonzalez 0-0: Ball
1-0: Ground out 1-3 (Groundball, 34S, EV 74.4 MPH)
Top of the 9th over - 0 runs, 0 hits, 0 errors, 0 left on base; Syracuse 4 - Sacramento 5
Tuesday, March 28th , 2023 - OOTP Baseball 23.10 Build 110